 Dungeon Crawl Stone Soup version 0.18.1-1-g2f07953 (webtiles) character file.

376 oplop the Changer (level 6, 0/41 HPs)
             Began as an Octopode Transmuter on May 7, 2016.
             Slain by a goblin
             ... wielding a +0 club
              (4 damage)
             ... on level 3 of the Dungeon.
             The game lasted 00:05:31 (2720 turns).

oplop the Changer (Octopode Transmuter)             Turns: 2720, Time: 00:05:32

Health: 0/41       AC:  6    Str: 10    XL:     6   Next: 73%
Magic:  16/19      EV: 13    Int: 17    God:
Gold:   119        SH:  0    Dex: 12    Spells: 3 memorised, 5 levels left

rFire  + . .     SeeInvis .       - Unarmed
rCold  + . .     Gourm    .     (no shield)
rNeg   . . .     Faith    .     (helmet restricted)
rPois  .         Spirit   .     (no amulet)
rElec  .         Dismiss  .     i - ring of protection from cold
rCorr  .         Reflect  .     h - ring of magical power
SustAt .         Harm     .     (no ring)
MR     .....                    (no ring)
Stlth  ++........               (no ring)
                                (no ring)
                                (no ring)
                                (no ring)

@: not resistant to hostile enchantments, unstealthy
A: almost no armour, amphibious, 8 rings, constrict 8, iridescent scales 1,
molten scales 1, camouflage 1, fire resistance 1, gelatinous body 1
a: no special abilities


You were on level 3 of the Dungeon.
You were hungry.

You visited 1 branch of the dungeon, and saw 3 of its levels.

You collected 119 gold pieces.

Inventory:

Missiles
 a - 28 arrows
 m - 7 tomahawks (quivered)
Jewellery
 h - a ring of magical power (right tentacle)
 i - a ring of protection from cold (left tentacle)
 n - an uncursed amulet of dismissal {unknown}
Scrolls
 d - a scroll of teleportation {unknown}
 g - a scroll of random uselessness {unknown}
 j - a scroll of fear {unknown}
 k - a scroll of recharging {unknown}
 l - 7 scrolls of identify {unknown}
 p - a scroll of blinking {unknown}
Books
 b - a book of Changes

   Spells                             Type                      Level
   a - Beastly Appendage              Transmutation                1
   b - Sticks to Snakes               Transmutation                2
   c - Spider Form                    Transmutation/Poison         3
   d - Ice Form                       Ice/Transmutation            4
   e - Blade Hands                    Transmutation                5
Comestibles
 c - a bread ration
 f - 4 meat rations


   Skills:
 + Level 2.6 Fighting
 + Level 3.1 Dodging
 + Level 3.8 Unarmed Combat
 + Level 3.3 Spellcasting
 * Level 4.4 Transmutations


You had 5 spell levels left.
You knew the following spells:

 Your Spells              Type           Power        Failure   Level  Hunger
a - Beastly Appendage     Trmt           ###...       2%          1    None
b - Sticks to Snakes      Trmt           ###.....     4%          2    ##.....
c - Spider Form           Trmt/Pois      ##........   21%         3    ###....


Dungeon Overview and Level Annotations

Branches:
Dungeon (3/15)

Altars:
Okawaru


Innate Abilities, Weirdness & Mutations

You cannot wear most types of armour.
You are amphibious.
You can wear up to eight rings at the same time.
You can use your tentacles to constrict eight enemies at once.
Your skin changes colour to match your surroundings (Stealth).
Your rubbery body absorbs attacks (AC +1).
You are partially covered in iridescent scales (AC +4).
You are partially covered in molten scales (AC +1).
Your flesh is heat resistant.


Message History

The goblin shoots a stone.
The stone barely misses you.
Things that are here:
a stone; a club; a goblin skeleton Unknown command.
The goblin shoots a stone.
The stone hits you.
* * * LOW HITPOINT WARNING * * *
You see here a stone.
Unknown command.
Drink which item? (? for menu, Esc to quit)
It was a potion of cancellation.
Your magical effects are unravelling.
You feel magically purged.
Drink which item? (? for menu, Esc to quit)
It was a potion of mutation.
You feel extremely strange.
You feel resistant to heat.
Molten scales grow over part of your body.
Iridescent scales grow over part of your body.
Your transformation has ended.
The goblin hits you with a club.
You die...

≈≈≈≈≈≈≈≈≈≈≈≈≈≈≈≈≈≈≈≈≈≈≈.....≈≈≈≈≈
≈≈≈≈≈≈≈≈≈≈≈≈≈≈≈≈≈≈≈≈≈≈.)...)≈≈≈≈≈
≈≈≈≈≈≈≈≈≈≈≈≈≈≈≈≈≈≈≈≈≈≈≈)...)≈≈≈≈≈
########################)'#######
....## ##.....#...gg..#....#.....
.....###..)...'...@...#....#.....
....((#....)).#########....######
.....(#)...)(.(......#......#....
..(..()(...)g(gg@...)'.(....'....
.....(#)..(..g(......#......#....
......#.......#########....######
..g..###......'.. #....#.....
....## ##.....#... #....#.....
#################################
≈≈≈≈≈≈≈≈≈≈≈≈≈≈≈≈≈≈≈≈≈≈≈≈≈≈≈≈≈≈≈≈≈
≈≈≈≈≈≈≈≈≈≈≈≈≈≈≈≈≈≈≈≈≈≈≈≈≈≈≈≈≈≈≈≈≈
≈≈≈≈≈≈≈≈≈≈≈≈≈≈≈≈≈≈≈≈≈≈≈≈≈≈≈≈≈≈≈≈≈


You could see a gnoll and 3 goblins.

Vanquished Creatures
  Grinder (D:3)
  Terence (D:3)
  2 adders
  An ooze (D:3)
  2 worms (D:2)
  3 dart slugs
  2 giant geckos
  6 bats
  5 giant cockroaches
  15 hobgoblins
  6 jackals
  2 quokkas
  A giant newt (D:2)
  37 goblins
  4 kobolds (D:2)
  5 rats
93 creatures vanquished.

Notes
Turn   | Place    | Note
--------------------------------------------------------------
     0 | D:1      | oplop the Octopode Transmuter began the quest for the Orb.
     0 | D:1      | Reached XP level 1. HP: 13/13 MP: 3/3
   168 | D:1      | Reached XP level 2. HP: 9/18 MP: 5/5
   797 | D:2      | Reached XP level 3. HP: 21/23 MP: 6/6
  1384 | D:2      | Reached skill level 3 in Transmutations
  1442 | D:2      | Found an iron altar of Okawaru.
  1484 | D:2      | Reached XP level 4. HP: 16/28 MP: 7/7
  1639 | D:2      | Learned a level 2 spell: Sticks to Snakes
  1643 | D:2      | Learned a level 3 spell: Spider Form
  2099 | D:3      | Noticed Grinder
  2113 | D:3      | Killed Grinder
  2113 | D:3      | Reached skill level 4 in Transmutations
  2113 | D:3      | Reached XP level 5. HP: 35/35 MP: 9/9
  2113 | D:3      | Reached XP level 6. HP: 41/41 MP: 10/10
  2546 | D:3      | Noticed Terence
  2602 | D:3      | Killed Terence
  2720 | D:3      | Gained mutation: Your flesh is heat resistant. [potion of mutation]
  2720 | D:3      | Gained mutation: You are partially covered in molten scales (AC +1). [potion of mutation]
  2720 | D:3      | Gained mutation: You are partially covered in iridescent scales (AC +4). [potion of mutation]
  2720 | D:3      | Slain by a goblin

Skill      XL: |  1  2  3  4  5  6 |
---------------+-------------------+-----
Transmutations | 3 4 |  4.4
Fighting       | 2 |  2.6
Spellcasting   | 3 |  3.3
Dodging        | 3 |  3.1
Unarmed Combat | |  3.8

Action                   |  1- 3 |  4- 6 || total
-------------------------+-------+-------++-------
Melee: Unarmed           |    77 |   136 ||   213
       Constrict         |    21 |    31 ||    52
       Tentacles         |    11 |    14 ||    25
       Kick              |    10 |    16 ||    26
       Punch             |     2 |     3 ||     5
 Cast: Beastly Appendage |    13 |    16 ||    29
       Spider Form       |       |     4 ||     4
  Use: Scroll            |     1 |       ||     1
       Potion            |       |     5 ||     5
 Stab: Sleeping          |     4 |     2 ||     6
  Eat: Chunk             |     2 |     4 ||     6
Armor: Skin              |    10 |    10 ||    20
Dodge: Dodged            |    51 |   105 ||   156
